 Dungeon Crawl Stone Soup version 0.28-a0-828-g0121872642 (console) character file.

Game seed: 1618493773677808466

264 petzl the Sneak (level 6, -3/41 HPs)
             Began as an Octopode Arcane Marksman on Nov 10, 2021.
             Slain by an ogre (25 damage)
             ... on level 4 of the Dungeon.
             The game lasted 00:15:44 (4291 turns).

petzl the Sneak (Octopode Arcane Marksman)          Turns: 4291, Time: 00:15:45

Health: -3/41      AC:  1    Str: 10    XL:     6   Next: 19%
Magic:  9/9        EV: 13    Int: 17    God:
Gold:   81         SH:  0    Dex: 12    Spells: 8/9 levels left

rFire   . . .      SeeInvis +   b - +1 dagger (venom) {!f =f}
rCold   . . .      Faith    .   (no shield)
rNeg    . . .      Spirit   .   (helmet restricted)
rPois   .          Reflect  .   (no amulet)
rElec   .          Harm     .   l - ring of see invisible
rCorr   .          Rampage  .   (no ring)
Will    .....                   (no ring)
Stlth   +++.......              (no ring)
HPRegen 0.13/turn               (no ring)
MPRegen 0.11/turn               (no ring)
                                (no ring)
                                (no ring)

@: no status effects
A: almost no armour, amphibious, 8 rings, camouflage 1, gelatinous body 1,
(nimble swimmer 1), tentacles
a: no special abilities


You were on level 4 of the Dungeon.
You visited 2 branches of the dungeon, and saw 6 of its levels.

You collected 177 gold pieces.
You spent 96 gold pieces at shops.

Inventory:

Hand Weapons
 a - a +0 hand crossbow
 b - a +1 dagger of venom (weapon) {!f =f}
 o - a +0 trident
Missiles
 c - 8 bolts
 d - 6 javelins (quivered)
 r - 2 poisoned darts
Armour
 p - a +0 robe
Jewellery
 l - a ring of see invisible (left tentacle)
Scrolls
 f - 3 scrolls of identify
 h - 3 scrolls of immolation
 i - a scroll of summoning
 j - a scroll of magic mapping
 q - a scroll of teleportation {unknown}
Potions
 e - 2 potions of might {unknown}
 g - a potion of flight {unknown}
 k - 2 potions of lignification {unknown}
 m - 2 potions of curing {unknown}
 n - 2 potions of heal wounds {unknown}


   Skills:
 + Level 2.7 Fighting
 + Level 3.3 Crossbows
 + Level 3.2 Dodging
 + Level 3.4 Stealth
 + Level 2.4 Spellcasting
 - Level 3.0 Hexes


You had 8 spell levels left.
You knew the following spells:

 Your Spells              Type           Power      Damage    Failure   Level
a - Slow                  Hex            48%        N/A       5%          1

Your spell library contained the following spells:

 Spells                   Type           Power      Damage    Failure   Level
 Inner Flame              Hex/Fire       7%         N/A       30%         3
 Portal Projectile        Hex/Tloc       14%        N/A       30%         3
 Cause Fear               Hex            6%         N/A       47%         4


Dungeon Overview and Level Annotations

Branches:
Dungeon (5/15)             Temple (1/1) D:4

Altars:
Dithmenos
Gozag
Hepliaklqana
Makhleb
Nemelex Xobeh
Qazlal
Ru
Sif Muna
Trog

Shops:
D:2 :[(?=   D:3 (*(

Annotations:
D:2 1 runed translucent door, exclusion: downstairs, Crazy Yiuf, Terence
D:3 exclusion: upstairs


Innate Abilities, Weirdness & Mutations

You cannot wear most types of armour.
You are amphibious.
You can wear up to eight rings at the same time.
Your skin changes colour to match your surroundings (Stealth+).
Your rubbery body absorbs attacks. (AC +1, EV +1)
((You are camouflaged near water. (Stealth+)))
You have tentacles for arms and can constrict up to eight enemies at once.


Message History

The kobold barely misses you.
You completely miss the kobold. You grab the kobold.
You constrict the kobold, but do no damage.
The kobold throws a stone.
The stone closely misses you. The kobold barely misses you.
You hit the kobold but do no damage.
The kobold looks as sick as possible!
You squeeze the kobold.
You kill the kobold!
You barely miss the kobold. Your grab misses the kobold.
Your squeeze misses the kobold. The kobold barely misses you.
You hit the kobold. You grab the kobold.
The kobold is severely wounded.
You constrict the kobold.
You kill the kobold!
You now have 66 gold pieces (gained 3).
Things that are here:
a +0 short sword; 3 stones; a kobold corpse
Things that are here:
a +0 short sword; 3 stones You now have 81 gold pieces (gained 15).
There is a stone staircase leading down here.
Found a whip.
There is a stone staircase leading down here.
You climb downwards.
There is a stone staircase leading up here.
The helpless ogre fails to defend itself.
You puncture the ogre! Your squeeze misses the ogre.
The ogre is heavily wounded.
The ogre closely misses you.
You climb upwards.
There is a stone staircase leading down here.
You barely miss the ogre.
The ogre is heavily wounded.
The ogre hits you with a +0 giant spiked club!!
Ouch! That really hurt!
Things that are here:
3 stones; a +0 short sword The ogre hits you with a +0 giant spiked club!!
Ouch! That really hurt!
You die...

##.... ....# .............# #.###.#.
.....##.... ..............###.##....
#...#..... ...................#..##
#........ ...................#....
#....... ...................#....
#...... .......................#....
##.....# ................#.##(....#.#..
.......# ................#.##.....#.#..
)#....># .......####....#.###'#.)#.#..
.#.....#####.....##......#.#...........
..........##.....##......#.....#..#.#..
##+##.....##......#......#.#.###..#.#..
..#.....####..........###.......#)#..
...............(.......#.......#......
.....).................#.#..##.#......
#.........<...#(........#.#...#.#......
..............#.........#.#...# #.#.#..
..............#.........#.#...# #.#†#..
..........####...O@....#.#...#.#.#.#..
##....##....#.........#.##..#........
#..........###########.# ...........
...........>...........# ....#.....#
##..........#....##.....# ... #.....#
.. #............##.....# .. #......
#.##...#...<...........# . ........
#......................# .........
.......................# .....##.. .
...#...#........#..†..# ...## #.. ..
##.⌠.##.....##.##....... #.. ...
#.....##....#.8.#........ #.. ...
#..#.#..##...##.##........ #..
#....##.##....##..#.........# ...
##...##...##.................#
#..⌠..).>....⌠..######...#...#
#....##)..##....# ...##.#
.......##.##.....# ..# ##..
#..#.#..##..# .#


You could see an ogre.

Vanquished Creatures
  A scorpion (D:4)
  A howler monkey (D:4)
  An iguana (D:3)
  An orc wizard (Temple)
  2 hound skeletons
  An adder (D:2)
  2 worms
  4 dart slugs
  4 orcs
  3 bats
  3 endoplasms (D:1)
  3 giant cockroaches
  3 hobgoblins
  3 quokkas
  9 ball pythons
  3 frilled lizards
  7 goblins
  9 kobolds
  6 rats
66 creatures vanquished.

Notes
Turn   | Place    | Note
-------+----------+-------------------------------------------
     0 | D:1      | petzl the Octopode Arcane Marksman began the quest for the
                  | Orb.
     0 | D:1      | Reached XP level 1. HP: 13/13 MP: 2/2
    61 | D:1      | Reached XP level 2. HP: 18/18 MP: 3/3
   249 | D:1      | Reached skill level 1 in Stealth
   499 | D:1      | Reached XP level 3. HP: 21/23 MP: 5/5
  1095 | D:2      | Found Goiqil's Antique Armour Shoppe.
  1095 | D:2      | Noticed Terence
  1266 | D:2      | Found Fofit's Book Emporium.
  1356 | D:2      | Found Kiesh's Jewellery Boutique.
  1424 | D:2      | Found Deyg's Weapon Shoppe.
  1543 | D:2      | Found Jurri's Magic Scroll Shop.
  1554 | D:2      | Bought a scroll of magic mapping for 42 gold pieces
  1554 | D:2      | Bought a scroll of identify for 24 gold pieces
  1604 | D:3      | Noticed a scorpion
  1996 | D:2      | Found a runed translucent door.
  1997 | D:2      | Noticed Crazy Yiuf
  2317 | D:3      | Reached XP level 4. HP: 26/29 MP: 6/6
  2547 | D:3      | Found a faded altar of an unknown god.
  3018 | D:4      | Reached XP level 5. HP: 34/34 MP: 6/8
  3105 | D:3      | Found Haiqieh's Antique Weapon Shop.
  3125 | D:3      | Found Aliuneto's Assorted Antiques.
  3129 | D:3      | Found Uzaycer's Antique Weapon Emporium.
  3163 | D:3      | Bought a fuming yellow potion for 15 gold pieces
  3163 | D:3      | Bought a sedimented blue potion for 15 gold pieces
  3240 | D:3      | Noticed a phantom
  3677 | D:4      | Found a staircase to the Ecumenical Temple.
  3686 | Temple   | Entered the Ecumenical Temple
  4060 | D:4      | Reached XP level 6. HP: 28/41 MP: 4/9
  4272 | D:5      | Entered Level 5 of the Dungeon
  4291 | D:4      | Slain by an ogre

Illustrated notes

Levels and vault maps discovered:
D:1:      sevenhm_arrival_forest_fort_small_4, layout_basic, feat_on_display
D:2:      layout_basic, serial_shops, shop, shop, nicolae_shop_statue_plus,
          nicolae_square_shop, shop_fountains, st_stairs_8, grunt_ministairs_2,
          uniq_terence, uniq_crazy_yiuf_cottage
D:3:      layout_rooms, marbit_many_paths, serial_shops, nicolae_diamond_shop,
          nicolae_shop_waterfront, nicolae_shop_waterfront,
          ebering_ecumenical_altar_rust, kennysheep_pointless_box
D:4:      layout_basic, okawaru_gym_becter, minmay_temple_entry_waves,
          grunt_decor_one_mirror
D:5:      layout_rooms
Temple:   nicolae_temple_figure_zero

Skill      XL: |  1  2  3  4  5 |
---------------+----------------+-----
Stealth        | 1 2 3 |  3.4
Fighting       | 2 |  2.7
Spellcasting   | 2 |  2.4
Crossbows      | 3 |  3.3
Dodging        | 3 |  3.2
Hexes          | |  3.0

Action                   |  1- 3 |  4- 6 || total
-------------------------+-------+-------++-------
Melee: Trident           |    16 |    64 ||    80
       Constrict         |     6 |    20 ||    26
       Tentacles         |     3 |    13 ||    16
       Dagger            |       |    19 ||    19
 Fire: Hand crossbow     |    78 |       ||    78
 Cast: Slow              |     1 |    10 ||    11
  Use: Scroll            |     2 |       ||     2
 Stab: Distracted        |       |     1 ||     1
       Sleeping          |       |     2 ||     2
Armor: Skin              |     3 |     6 ||     9
Dodge: Dodged            |    32 |    60 ||    92

Table legend: (Time is in decaauts)
 A = Elapsed time spent in this place.
 B = Non-inter-level travel time spent in this place.
 C = Inter-level travel time spent in this place.
 D = Time resting spent in this place.
 E = Time spent auto-exploring this place.
 F = Levels seen in this place.
 G = Mean time per level.
                   A        B        C        D        E       F      G
               +--------+--------+--------+--------+--------+-----+--------+
         Total |   4354 |   4161 |    193 |   1300 |   1795 |   6 |  725.7 |
       Dungeon |   4026 |   3843 |    183 |   1127 |   1683 |   5 |  805.2 |
        Temple |    327 |    317 |     10 |    173 |    112 |   1 |  327.0 |
               +--------+--------+--------+--------+--------+-----+--------+

Top non-repeatable levels by time:
     D:2: 1751 daAuts
     D:1: 1097 daAuts
     D:4: 593 daAuts
     D:3: 580 daAuts
  Temple: 327 daAuts
     D:5: 2 daAuts
